 Dungeon Crawl Stone Soup version 0.29-a0-398-ge13fd1374b (webtiles) character file.

Game seed: 205937811520734662

13 croobank the Covert (level 2, -2/29 HPs)
             Began as a Gnoll Delver on May 12, 2022.
             Engulfed by a cloud of flame (22 damage)
             ... on level 2 of the Dungeon.
             The game lasted 00:06:18 (588 turns).

croobank the Covert (Gnoll Delver)                   Turns: 588, Time: 00:06:23

Health: -2/29      AC:  4    Str: 11    XL:     2   Next: 37%
Magic:  2/2        EV: 13    Int:  9    God:
Gold:   42         SH:  0    Dex: 13    Spells: 0/1 levels left

rFire   . . .      SeeInvis .   a - +0 hand axe
rCold   . . .      Faith    .   (no shield)
rNeg    . . .      Spirit   .   n - +1 leather armour
rPois   .          Reflect  .   (no helmet)
rElec   .          Harm     .   (no cloak)
rCorr   .          Rampage  .   (no gloves)
Will    .....                   (no boots)
Stlth   ++++......              (no amulet)
HPRegen 0.09/turn               (no ring)
MPRegen 0.08/turn               (no ring)

@: no status effects
A: fangs 1, strong nose, distributed training
a: no special abilities


You were on level 2 of the Dungeon.
You visited 1 branch of the dungeon, and saw 4 of its levels.

You collected 42 gold pieces.

Inventory:

Hand Weapons
 a - a +0 hand axe (weapon)
 b - a +0 hunting sling
Missiles
 f - 5 atropa-tipped darts (quivered)
 r - 22 stones
Armour
 m - a +0 plate armour
 n - a +1 leather armour (worn)
Magical Staves
 e - a staff of poison
 p - a staff of air
Wands
 g - a wand of digging (2)
Scrolls
 c - a scroll of fog
Potions
 h - 2 potions of curing
 i - a potion of magic {unknown}
 j - 2 potions of attraction {unknown}
 l - a potion of might {unknown}
 s - a potion of heal wounds {unknown}


   Skills:
 + Level 6.5 Fighting
 + Level 0.4 Short Blades
 + Level 0.4 Long Blades
 + Level 4.5 Axes
 + Level 0.4 Maces & Flails
 + Level 0.4 Polearms
 + Level 0.4 Staves
 + Level 0.4 Slings
 + Level 0.4 Bows
 + Level 0.4 Crossbows
 + Level 0.4 Throwing
 + Level 0.4 Armour
 + Level 4.5 Dodging
 + Level 9.5 Stealth
 + Level 0.4 Shields
 + Level 0.4 Unarmed Combat
 + Level 0.4 Spellcasting
 + Level 0.2 Conjurations
 + Level 0.2 Hexes
 + Level 0.2 Summonings
 + Level 0.2 Necromancy
 + Level 0.2 Translocations
 + Level 0.2 Transmutations
 + Level 0.2 Fire Magic
 + Level 0.2 Ice Magic
 + Level 0.2 Air Magic
 + Level 0.2 Earth Magic
 + Level 0.2 Poison Magic
 + Level 0.5 Invocations
 + Level 0.4 Evocations


You couldn't memorise any spells.
You knew the following spells:

 Your Spells              Type           Power      Damage    Failure   Level
a - Summon Small Mammal   Summ           0%         N/A       43%         1

Your spell library contained the following spells:

 Spells                   Type           Power      Damage    Failure   Level
 Call Canine Familiar     Summ           0%         N/A       80%         3
 Summon Guardian Golem    Hex/Summ       0%         N/A       80%         3


Dungeon Overview and Level Annotations

Branches:
Dungeon (5/15)             Temple (0/1) D:5

Altars:
Xom

Shops:
D:4 =


Innate Abilities, Weirdness & Mutations

You have very sharp teeth.
Your uncanny sense of smell can sniff out nearby items.
Your experience applies equally to all skills.


Message History

The ball python hisses angrily.
The ball python attacks as you move away!
The ball python closely misses you. The ball python misses you.
Found 6 gold pieces.
The ball python bites you. The ball python barely misses you.
You see here a fuming golden potion.
s - a fuming golden potion The ball python barely misses you. x2
Okay, then.
As you read the scroll labelled DEAXUO XUVA, it crumbles to dust.
The creatures around you are filled with an inner flame!
It was a scroll of immolation.
The ball python barely misses you. The ball python misses you.
The ball python barely misses you. The ball python closely misses you.
Okay, then.
As you read the scroll labelled DUFASCH XOWKAIG, it crumbles to dust.
It is a scroll of identify.
h - 2 potions of curing The ball python bites you.
The ball python completely misses you.
The air fills with toxic fumes!
As you read the scroll labelled QUK MAEL AFI, it crumbles to dust.
It was a scroll of poison.
The ball python bites you but does no damage.
The ball python closely misses you. The ball python closely misses you.
The ball python grabs you. The ball python constricts you.
Okay, then.
As you read the scroll labelled MUAXOPAUTY, it crumbles to dust.
It is a scroll of enchant armour.
Your +0 leather armour glows green for a moment.
The ball python bites you but does no damage.
The ball python constricts you.
You hit the ball python.
The ball python explodes!
The fiery explosion engulfs you!
The fiery explosion engulfs the scorpion!!
The scorpion explodes!
You are engulfed in blazing flames.
Ouch! That really hurt!
You die...

#§#
#§#
#§#
#§#
#§#
#§#
#§#
#@#
#§##
#§§#
##§#
#§#
#§#
#§#
##§##
#..>#


There were no monsters in sight!

Vanquished Creatures
  A scorpion (D:2)
  A dart slug (D:3)
  A giant cockroach (D:4)
  A goblin (D:3)
  4 jackals (D:3)
  A quokka (D:3)
  A ball python (D:2)
  A rat (D:3)
11 creatures vanquished.

Vanquished Creatures (others)
  A fungus (D:3)
1 creature vanquished.

Grand Total: 12 creatures vanquished

Notes
Turn   | Place    | Note
-------+----------+-------------------------------------------
     0 | D:5      | Reached skill level 9 in Stealth
     0 | D:5      | croobank the Gnoll Delver began the quest for the Orb.
     0 | D:5      | Reached XP level 1. HP: 23/23 MP: 1/1
    22 | D:5      | Noticed a hound
   107 | D:5      | Noticed an iguana
   122 | D:5      | Found a staircase to the Ecumenical Temple.
   130 | D:5      | Noticed a scorpion
   141 | D:4      | Noticed an orc priest
   143 | D:4      | Noticed a hound
   152 | D:4      | Found Ipaorgh's Jewellery Boutique.
   173 | D:4      | Noticed a black bear
   191 | D:4      | Noticed an iguana
   206 | D:4      | Noticed a jelly
   211 | D:4      | Found the +2 ratskin cloak {*Rats rPois rN+ Str-1 Int-1
                  | Dex+1}
   348 | D:3      | Reached XP level 2. HP: 22/29 MP: 2/2
   491 | D:3      | Learned a level 1 spell: Summon Small Mammal
   573 | D:2      | Noticed a scorpion
   573 | D:2      | Found a shimmering altar of Xom.
   588 | D:2      | Killed a scorpion
   588 | D:2      | Engulfed by a cloud of flame

Illustrated notes

Levels and vault maps discovered:
D:2:      layout_loops_ring, basic_altar, uniq_terence
D:3:      layout_basic, nicolae_uskayaw_suspiria,
          shapermc_ecumenical_altar_acropolis, kennysheep_generic_room_10
D:4:      wad_pebble_path, layout_rooms, kennysheep_mini_moat,
          mainiacjoe_overflow_chevrons, serial_shops, nicolae_shop_hallway_plus,
          eino_curves_03, grunt_ministairs_10, hangedman_decor_push,
          minivault_11, nicolae_concentric_dashed_squares_mild
D:5:      layout_basic, minmay_temple_entry_sparse_star, kennysheep_donut

Skill      XL: | |
---------------+-+-----
Stealth        | |  9.5
Fighting       | |  6.5
Short Blades   | |  0.4
Long Blades    | |  0.4
Axes           | |  4.5
Maces & Flails | |  0.4
Polearms       | |  0.4
Staves         | |  0.4
Slings         | |  0.4
Bows           | |  0.4
Crossbows      | |  0.4
Throwing       | |  0.4
Armour         | |  0.4
Dodging        | |  4.5
Shields        | |  0.4
Unarmed Combat | |  0.4
Spellcasting   | |  0.4
Conjurations   | |  0.2
Hexes          | |  0.2
Summonings     | |  0.2
Necromancy     | |  0.2
Translocations | |  0.2
Transmutations | |  0.2
Fire Magic     | |  0.2
Ice Magic      | |  0.2
Air Magic      | |  0.2
Earth Magic    | |  0.2
Poison Magic   | |  0.2
Invocations    | |  0.5
Evocations     | |  0.4

Action                   || total
-------------------------++-------
Melee: Hand axe          ||    21
       Bite              ||     2
       Punch             ||     1
Evoke: Wand              ||     1
  Use: Scroll            ||     6
       Potion            ||     1
 Stab: Sleeping          ||     1
Armor: Leather armour    ||     4
Dodge: Dodged            ||    22

Table legend: (Time is in decaauts)
 A = Elapsed time spent in this place.
 B = Non-inter-level travel time spent in this place.
 C = Inter-level travel time spent in this place.
 D = Time resting spent in this place.
 E = Time spent auto-exploring this place.
 F = Levels seen in this place.
 G = Mean time per level.
                   A        B        C        D        E       F      G
               +--------+--------+--------+--------+--------+-----+--------+
         Total |    569 |    569 |      0 |    166 |      8 |   4 |  142.2 |
       Dungeon |    569 |    569 |      0 |    166 |      8 |   4 |  142.2 |
               +--------+--------+--------+--------+--------+-----+--------+

Top non-repeatable levels by time:
     D:3: 344 daAuts
     D:5: 141 daAuts
     D:4: 69 daAuts
     D:2: 14 daAuts
